 Dungeon Crawl Stone Soup version 0.30-a0-266-g2b27a225a3 (webtiles) character file.

Game seed: 11982469007976233236

578 Decritt the Conjurer (level 7, -4/40 HPs)
             Began as a Deep Elf Conjurer on Oct 14, 2022.
             Killed from afar by an orc wizard (6 damage)
             ... with a magic dart
             ... on level 4 of the Dungeon.
             The game lasted 00:07:23 (4486 turns).

Decritt the Conjurer (Deep Elf Conjurer)            Turns: 4486, Time: 00:07:24

Health: -4/40      AC:  3    Str:  6    XL:     7   Next: 13%
Magic:  15/17      EV: 17    Int: 23    God:
Gold:   202        SH:  0    Dex: 13    Spells: 6/16 levels left

rFire   . . .      SeeInvis .    e - +1 dagger (spect)
rCold   . . .      Faith    .    (no shield)
rNeg    . . .      Spirit   .    a - +0 robe
rPois   .          Reflect  .    d - +0 helmet
rElec   .          Harm     .    (no cloak)
rCorr   .          Rampage  .    (no gloves)
Will    .....                    (no boots)
Stlth   ++........               (no amulet)
HPRegen 0.26/turn                i - +4 ring of evasion
MPRegen 0.15/turn                (no ring)

@: no status effects
A: no striking features
a: no special abilities


You were on level 4 of the Dungeon.
You visited 1 branch of the dungeon, and saw 5 of its levels.

You collected 202 gold pieces.

Inventory:

Hand Weapons
 e - a +1 spectral dagger (weapon)
Armour
 a - a +0 robe (worn)
 d - a +0 helmet (worn)
Magical Staves
 o - a staff of death
 p - a staff of earth
Jewellery
 i - a +4 ring of evasion (left hand)
Scrolls
 f - a scroll of fog
 r - a scroll of identify
Potions
 b - a potion of magic
 c - a potion of heal wounds {unknown}
 g - 4 potions of mutation
 h - 3 potions of curing
 k - a potion of might
 m - a potion of cancellation {unknown}
 n - a potion of degeneration {unknown}
 q - 3 potions of lignification
 s - a potion of resistance {unknown}
 u - a potion of flight {unknown}
 v - 2 potions of haste {unknown}


   Skills:
 + Level 2.6 Fighting
 + Level 2.1 Armour
 + Level 4.8 Dodging
 - Level 2.4 Stealth
 + Level 5.4 Spellcasting
 + Level 5.8 Conjurations


You had 6 spell levels left.
You knew the following spells:

 Your Spells              Type           Power      Damage    Failure   Level
a - Magic Dart            Conj           100%       1d8       1%          1
b - Searing Ray           Conj           66%        2d6       1%          2
c - Fulminant Prism       Conj/Hex       9%         3d7       26%         4
d - Swiftness             Air            6%         N/A       26%         3

Your spell library contained the following spells:

 Spells                   Type           Power      Damage    Failure   Level
 Shock                    Conj/Air       76%        1d7       2%          1
 Dazzling Flash           Conj/Hex       38%        N/A       9%          3
 Hailstorm                Conj/Ice       19%        3d6       9%          3
 Ensorcelled Hibernation  Hex/Ice        12%        N/A       14%         2
 Passwall                 Tmut/Erth      5%         N/A       14%         2
 Ozocubu's Armour         Ice            6%         N/A       26%         3
 Iskenderun's Mystic Bla  Conj/Tloc      19%        2d6       26%         4
 Airstrike                Air            3%         2d(1-17)  65%         4
 Ice Form                 Ice/Tmut       6%         N/A       65%         4
 Simulacrum               Ice/Necr       3%         N/A       100%        6
 Ozocubu's Refrigeration  Ice            3%         4d8       100%        7


Dungeon Overview and Level Annotations

Branches:
Dungeon (5/15)
 Temple: D:4-7

Altars:
Okawaru
Qazlal
Ru
Vehumet
Wu Jian

Annotations:
D:5 Ijyb


Message History

The scorpion misses you.
An orc comes into view. It is wielding a +0 dagger.
The gnoll sergeant closely misses you.
Ijyb screams, "No!
No, no, no, no!"
You closely miss the scorpion.
The scorpion is moderately wounded.
Your +1 spectral dagger closely misses the scorpion.
The scorpion closely misses you.
The gnoll sergeant hits you from afar with a +1 trident of freezing!
The gnoll sergeant freezes you!
* * * LOW HITPOINT WARNING * * *
The orc shouts!
You hit the scorpion but do no damage.
The scorpion is moderately wounded.
Your +1 spectral dagger misses the scorpion.
The scorpion stings you but does no damage.
Something hits you.
* * * LOW HITPOINT WARNING * * *
The gnoll sergeant misses you.
A gnoll comes into view. It is wielding a +0 club.
The scorpion stings you.
* * * LOW HITPOINT WARNING * * *
Something hits you.
* * * LOW HITPOINT WARNING * * *
The gnoll sergeant hits you from afar with a +1 trident of freezing.
* * * LOW HITPOINT WARNING * * *
The gnoll sergeant freezes you.
* * * LOW HITPOINT WARNING * * *
You climb upwards.
Reactivating autopickup.
There is a stone staircase leading down here.
You hit the scorpion but do no damage.
The scorpion is moderately wounded.
Your +1 spectral dagger hits the scorpion but does no damage.
The scorpion barely misses you.
You hear some strange, mumbled words.
A magic dart appears from out of thin air!
Deactivating autopickup; reactivate with Ctrl-A.
The magic dart hits you.
You die...

##.....##.........##..#
.##.....#....###......#
..........####.......##
...........#
#..##...###
.......<...#
#..##.....#
#..........#
#....#...##
...........#####..#####
......##.....##{..#
(........[.....(@##
..####.....###.s.# ..#
#.##.####..##
..####....###..##
..#...........##
..#.........###
....##........###
...#####........## ...#
#.........#


You could see a scorpion and a friendly +1 spectral dagger (summoned).

Vanquished Creatures
  A water moccasin (D:3)
  A phantom (D:4)
  A scorpion (D:4)
  2 hounds (D:4)
  An orc priest (D:4)
  A jelly (D:4)
  Jessica (D:3)
  An orc wizard (D:4)
  A statue (D:3)
  A gnoll (D:5)
  6 adders
  2 worms
  A dart slug (D:1)
  12 orcs
  5 ball pythons
  4 endoplasms
  A giant cockroach (D:4)
  A goblin (D:4)
  4 hobgoblins
  3 jackals (D:1)
  7 kobolds
  3 quokkas
  5 bats
  2 frilled lizards
  A rat (D:1)
68 creatures vanquished.

Notes
Turn   | Place    | Note
-------+----------+-------------------------------------------
     0 | D:1      | Decritt the Deep Elf Conjurer began the quest for the Orb.
     0 | D:1      | Reached XP level 1. HP: 10/10 MP: 6/6
   255 | D:1      | Reached XP level 2. HP: 16/16 MP: 2/8
  1091 | D:2      | Reached XP level 3. HP: 20/20 MP: 5/10
  1243 | D:2      | Reached skill level 1 in Fighting
  1846 | D:3      | Noticed Jessica
  1850 | D:3      | Killed Jessica
  1851 | D:3      | Reached XP level 4. HP: 9/25 MP: 9/11
  1901 | D:3      | Learned a level 2 spell: Searing Ray
  1906 | D:3      | Learned a level 4 spell: Fulminant Prism
  1910 | D:3      | Learned a level 3 spell: Swiftness
  2303 | D:3      | Found a radiant altar of Vehumet.
  2303 | D:3      | Noticed a charred statue
  2314 | D:3      | Killed a charred statue
  2315 | D:3      | Reached skill level 5 in Conjurations
  2533 | D:3      | Found an ornate altar of the Wu Jian Council.
  2709 | D:3      | Noticed a water moccasin
  2718 | D:3      | Killed a water moccasin
  2719 | D:3      | Reached skill level 1 in Armour
  2719 | D:3      | Reached XP level 5. HP: 25/30 MP: 4/13
  2946 | D:4      | Found a sacrificial altar of Ru.
  2997 | D:4      | HP: 1/30 [hound (3)]
  3113 | D:4      | Noticed a phantom
  3129 | D:4      | Killed a phantom
  3130 | D:4      | Reached XP level 6. HP: 33/35 MP: 3/15
  3228 | D:4      | Reached skill level 5 in Spellcasting
  3625 | D:4      | Reached XP level 7. HP: 40/40 MP: 6/17
  3902 | D:4      | Found an iron altar of Okawaru.
  3967 | D:4      | Found a stormy altar of Qazlal.
  4476 | D:5      | Entered Level 5 of the Dungeon
  4477 | D:5      | Noticed Ijyb
  4484 | D:5      | HP: 1/40 [gnoll sergeant/+1 trident of freezing (3)]
  4486 | D:4      | Killed from afar by an orc wizard

Illustrated notes

Levels and vault maps discovered:
D:1:      dpeg_arrival_rhombus, layout_loops_cross, minmay_pentomino_o4
D:2:      layout_loops_ring
D:3:      layout_loops_corners, mainiacjoe_overflow_surrounded_room,
          vehumet_statue, uniq_jessica
D:4:      layout_cave_pools, mainiacjoe_overflow_large_starburst,
          nicolae_ru_sacrificial_ziggurat
D:5:      layout_basic, trog_book, minmay_small_thing, uniq_ijyb

Skill      XL: |  1  2  3  4  5  6 |
---------------+-------------------+-----
Fighting       | 1 2 |  2.6
Dodging        | 3 4 |  4.8
Spellcasting   | 4 5 |  5.4
Conjurations   | 5 |  5.8
Armour         | 1 2 |  2.1
Stealth        | |  2.4

Action                   |  1- 3 |  4- 6 |  7- 9 || total
-------------------------+-------+-------+-------++-------
Melee: Dagger            |    14 |    36 |    24 ||    74
       Punch             |       |       |     1 ||     1
 Cast: Magic Dart        |    63 |    95 |    11 ||   169
       Searing Ray       |       |     7 |     1 ||     8
  Use: Scroll            |       |     8 |     3 ||    11
Armor: Robe              |     1 |     9 |     7 ||    17
Dodge: Dodged            |    16 |    48 |    12 ||    76

Table legend: (Time is in decaauts)
 A = Elapsed time spent in this place.
 B = Non-inter-level travel time spent in this place.
 C = Inter-level travel time spent in this place.
 D = Time resting spent in this place.
 E = Time spent auto-exploring this place.
 F = Levels seen in this place.
 G = Mean time per level.
                   A        B        C        D        E       F      G
               +--------+--------+--------+--------+--------+-----+--------+
         Total |   4484 |   4358 |    126 |    926 |   2919 |   5 |  896.8 |
       Dungeon |   4484 |   4358 |    126 |    926 |   2919 |   5 |  896.8 |
               +--------+--------+--------+--------+--------+-----+--------+

Top non-repeatable levels by time:
     D:4: 1552 daAuts
     D:3: 1219 daAuts
     D:1: 913 daAuts
     D:2: 790 daAuts
     D:5: 8 daAuts
